 Dungeon Crawl Stone Soup version 0.25-a0-670-g50981ef59b (webtiles) character file.

Game seed: 17719425366541479370, levelgen mode: deterministic

267 MisterFreud the Slasher (level 6, -1/42 HPs)
             Began as an Octopode Fighter on Mar 29, 2020.
             Slain by Crazy Yiuf
             ... wielding a +2 quarterstaff of chaos
              (4 damage)
             ... while paralysed by Crazy Yiuf
             ... on level 3 of the Dungeon.
             The game lasted 00:04:02 (3077 turns).

MisterFreud the Slasher (Octopode Fighter)          Turns: 3077, Time: 00:04:02

Health: -1/42      AC:  1    Str: 15    XL:     6   Next: 21%
Magic:  0/6        EV:  2    Int: 12    God:
Gold:   159        SH:  0    Dex: 12    Spells: 5/5 levels left

rFire    . . .     SeeInvis .   a - +0 long sword
rCold    . . .     Gourm    .   b - +0 kite shield
rNeg     + + +     Faith    .   (helmet restricted)
rPois    ∞         Spirit   .   v - amulet of rage
rElec    .         Reflect  .   (no ring)
rCorr    .         Harm     .   (no ring)
MR       .....                  (no ring)
Stlth    ++........             (no ring)
HPRegen  0.14/turn              (no ring)
MPRegen  0.10/turn              (no ring)
                                (no ring)
                                (no ring)

@: paralysed, lethally poisoned (-1 -> -1), petrified
A: almost no armour, stealthy swim, amphibious, 8 rings, constrict 8, camouflage
1, gelatinous body 1
a: Evoke Berserk Rage


You were on level 3 of the Dungeon.
You were very hungry.

You visited 1 branch of the dungeon, and saw 3 of its levels.

You collected 159 gold pieces.

Inventory:

Hand Weapons
 a - a +0 long sword (weapon)
Missiles
 k - 122 stones (quivered)
 l - 2 boomerangs
 q - 67 arrows
 r - 9 sling bullets
 s - 7 atropa-tipped darts
 u - 13 bolts
 x - 19 poisoned darts
Armour
 b - a +0 kite shield (worn)
Jewellery
 v - an amulet of rage (around mantle)
Scrolls
 e - 5 scrolls of remove curse {unknown}
 g - 2 scrolls of teleportation {unknown}
 j - 2 scrolls of identify {unknown}
 n - 2 scrolls of immolation {unknown}
 p - 2 scrolls of noise {unknown}
 t - a scroll of fog {unknown}
Potions
 c - 2 potions of might
 f - a potion of flight {unknown}
 h - a potion of resistance
 i - 2 potions of curing {unknown}
 m - a potion of degeneration {unknown}
 o - a potion of heal wounds {unknown}
 w - a potion of cancellation {unknown}
Comestibles
 d - 4 rations


   Skills:
 - Level 3.0 Fighting
 - Level 6.1 Long Blades
 + Level 3.3 Dodging
 - Level 3.0 Shields


You had 5 spell levels left.
You didn't know any spells.
Your spell library was empty.

Dungeon Overview and Level Annotations

Branches:
Dungeon (3/15)

Altars:
Dithmenos
Fedhas
Kikubaaqudgha
Okawaru
Sif Muna
Xom

Annotations:
D:3 Crazy Yiuf


Innate Abilities, Weirdness & Mutations

You cannot wear most types of armour.
You are very stealthy in the water. (Stealth+)
You are amphibious.
You can wear up to eight rings at the same time.
You can use your tentacles to constrict eight enemies at once.
Your skin changes colour to match your surroundings (Stealth+).
Your rubbery body absorbs attacks. (AC +1, EV +1)


Message History

Unknown command.
Crazy Yiuf hits you with a +2 quarterstaff of chaos!
You are poisoned.
You have turned to stone.
Crazy Yiuf hits you but does no damage.
Crazy Yiuf hits you with a +2 quarterstaff of chaos!
* * * LOW HITPOINT WARNING * * *
You feel your power leaking away. Crazy Yiuf completely misses you.
Crazy Yiuf hits you with a +2 quarterstaff of chaos!
* * * LOW HITPOINT WARNING * * *
You suddenly lose the ability to move!
Crazy Yiuf hits you with a +2 quarterstaff of chaos!
* * * LOW HITPOINT WARNING * * *
You feel your power leaking away.
Crazy Yiuf hits you with a +2 quarterstaff of chaos.
* * * LOW HITPOINT WARNING * * *
Crazy Yiuf burns you.
Crazy Yiuf hits you with a +2 quarterstaff of chaos!
You die...

###..............................
#........#.....................
#........#..........##....###..
#........#..........##....###..
#........#...........#....)....
#........#.....#####.#.......).
#......).#.....# #.........)..
#........##########...........#
#.......[....[@.....#.........#
#.......#####[g[......>#....#.#
#.......##............####.....
#.......##.....................
#.......##.....................
#.......##.....................
#.......##.....................
###.......##.................#...
..........#...........##.....#...


You could see Crazy Yiuf.

Vanquished Creatures
  2 orc wizards (D:3)
  An iguana (D:3)
  Robin (D:3)
  6 adders
  4 worms (D:2)
  2 leopard geckos
  9 orcs (D:3)
  10 bats
  4 giant cockroaches
  17 goblins
  9 hobgoblins
  8 jackals
  2 ball pythons
  10 frilled lizards
  10 kobolds
  6 rats
101 creatures vanquished.

Notes
Turn   | Place    | Note
-------+----------+-------------------------------------------
     0 | D:1      | MisterFreud the Octopode Fighter began the quest for the
                  | Orb.
     0 | D:1      | Reached XP level 1. HP: 16/16 MP: 1/1
    47 | D:1      | Reached XP level 2. HP: 9/21 MP: 2/2
   273 | D:1      | Reached skill level 3 in Long Blades
   382 | D:1      | Reached XP level 3. HP: 25/26 MP: 3/3
  1012 | D:2      | Found a shimmering altar of Xom.
  1015 | D:2      | Reached skill level 4 in Long Blades
  1022 | D:2      | Reached XP level 4. HP: 21/31 MP: 4/4
  1204 | D:2      | Found a shimmering altar of Xom.
  1213 | D:2      | Found a shimmering altar of Xom.
  1213 | D:2      | Found a shimmering altar of Xom.
  1214 | D:2      | Found a shimmering altar of Xom.
  1215 | D:2      | Found a shimmering altar of Xom.
  1826 | D:3      | Reached skill level 5 in Long Blades
  1836 | D:3      | Reached XP level 5. HP: 29/36 MP: 5/5
  2022 | D:3      | Found a shadowy altar of Dithmenos.
  2024 | D:3      | Found a shimmering blue altar of Sif Muna.
  2024 | D:3      | Found a blossoming altar of Fedhas.
  2397 | D:3      | Found an ancient bone altar of Kikubaaqudgha.
  2408 | D:3      | Reached skill level 6 in Long Blades
  2408 | D:3      | Reached XP level 6. HP: 42/42 MP: 6/6
  2464 | D:3      | Noticed Robin
  2474 | D:3      | Killed Robin
  2524 | D:3      | Found an iron altar of Okawaru.
  2607 | D:3      | Found a runed translucent door.
  2608 | D:3      | Noticed Crazy Yiuf
  3073 | D:3      | Paralysed by Crazy Yiuf for 5 turns
  3077 | D:3      | Slain by Crazy Yiuf

Levels and vault maps discovered:
D:1:      wheals_arrival_linesprint, layout_basic
D:2:      layout_basic, xom_redecorated
D:3:      layout_basic, chequers_temple_overflow_statue_of_worship,
          okawaru_metal_pillars_1_2, uniq_crazy_yiuf_cottage, uniq_robin

Skill      XL: |  1  2  3  4  5 |
---------------+----------------+-----
Long Blades    | 3 4 5 6 |  6.1
Fighting       | |  3.0
Dodging        | |  3.3
Shields        | |  3.0

Action                   |  1- 3 |  4- 6 || total
-------------------------+-------+-------++-------
Melee: Long sword        |    64 |   111 ||   175
       Constrict         |    21 |    37 ||    58
       Tentacles         |     9 |    26 ||    35
       Unarmed           |       |    12 ||    12
 Stab: Sleeping          |     2 |     9 ||    11
  Eat: Chunk             |       |     6 ||     6
Armor: Skin              |     8 |    10 ||    18
Dodge: Dodged            |    30 |    68 ||    98
Block: Kite shield       |    27 |    47 ||    74
       Rpst.: Long sword |    11 |    12 ||    23

Table legend:
 A = Non-vault XP
 B = Vault XP
 C = Vault XP percentage of total XP
 D = Non-vault monster count
 E = Vault monster count
 F = Vault count percentage of total count
                 A         B        C        D         E       F
            +---------+---------+-------+---------+---------+-------
      Total |     347 |      35 |   9.2 |      89 |      12 |  11.9
            +---------+---------+-------+---------+---------+-------
        D:1 |      48 |       0 |   0.0 |      31 |       0 |   0.0
        D:2 |     113 |       0 |   0.0 |      27 |       0 |   0.0
        D:3 |     186 |      35 |  15.8 |      31 |      12 |  27.9
            +---------+---------+-------+---------+---------+-------
